 Dungeon Crawl Stone Soup version 0.29.1-4-g47bece8355 (webtiles) character file.

Game seed: 3182837245707094665

1024 safid the Shooter (level 8, -1/70 HPs)
             Began as a Minotaur Hunter on Dec 2, 2022.
             Was a Follower of Okawaru.
             Slain by an orc warrior
             ... wielding a +0 scimitar
              (13 damage)
             ... on level 6 of the Dungeon.
             The game lasted 00:09:51 (4691 turns).

safid the Shooter (Minotaur Hunter)                 Turns: 4691, Time: 00:09:52

Health: -1/70      AC: 12    Str: 17    XL:     8   Next: 2%
Magic:  6/9        EV: 15    Int:  6    God:    Okawaru [*.....]
Gold:   272        SH:  0    Dex: 15    Spells: 7/7 levels left

rFire   . . .      SeeInvis .   a - +0 shortbow
rCold   . . .      Faith    .   (shield currently unavailable)
rNeg    . . .      Spirit   .   g - +3 ring mail
rPois   .          Reflect  .   (helmet restricted)
rElec   .          Harm     .   q - +0 cloak
rCorr   .          Rampage  .   c - +0 pair of gloves
Will    .....                   n - +0 pair of boots
Stlth   +++.......              x - amulet of regeneration
HPRegen 1.01/turn               (no ring)
MPRegen 0.11/turn               (no ring)

@: mighty, heroic
A: horns 2, retaliatory headbutt
a: Renounce Religion, Heroism


You were on level 6 of the Dungeon.
You worshipped Okawaru.
Okawaru was aware of your devotion.
You visited 2 branches of the dungeon, and saw 7 of its levels.

You collected 272 gold pieces.

Inventory:

Hand Weapons
 a - a +0 shortbow (weapon)
Missiles
 k - 6 javelins
 B - 2 throwing nets
Armour
 c - a +0 pair of gloves (worn)
 g - a +3 ring mail (worn)
 n - a +0 pair of boots (worn)
 q - a +0 cloak (worn)
Jewellery
 x - an amulet of regeneration (around neck)
Wands
 l - a wand of flame (10)
Scrolls
 b - a scroll of enchant armour
 h - a scroll of enchant weapon
 i - 2 scrolls of fear {unknown}
 j - 3 scrolls of noise
 m - 3 scrolls of teleportation
 p - a scroll of brand weapon
 y - a scroll of vulnerability
 z - a scroll of blinking {unknown}
 A - a scroll of poison {unknown}
Potions
 d - 2 potions of brilliance {unknown}
 e - 5 potions of curing
 f - 2 potions of flight {unknown}
 o - 2 potions of degeneration {unknown}
 r - 2 potions of haste {unknown}
 s - a potion of cancellation {unknown}
 u - 2 potions of magic {unknown}
 v - a potion of heal wounds {unknown}
 w - a potion of lignification {unknown}


   Skills:
 + Level 6.1(11.1) Fighting
 + Level 6.8(11.8) Ranged Weapons
 - Level 5.0(10.0) Dodging
 - Level 3.1(8.1) Stealth
 + Level 3.1 Invocations


You had 7 spell levels left.
You didn't know any spells.
Your spell library contained the following spells:

 Spells                   Type           Power      Damage    Failure   Level
 Beastly Appendage        Tmut           0%         N/A       65%         1
 Wereblood                Tmut           0%         N/A       78%         2
 Spider Form              Tmut/Pois      0%         N/A       95%         3
 Airstrike                Air            0%         2d(0-16)  100%        4
 Lightning Bolt           Conj/Air       0%         1d11      100%        5
 Summon Lightning Spire   Summ/Air       Unusable   N/A       N/A         4

Dungeon Overview and Level Annotations

Branches:
Dungeon (6/15)             Temple (1/1) D:4

Altars:
Ashenzari
Dithmenos
Elyvilon
Fedhas
Gozag
Hepliaklqana
Makhleb
Nemelex Xobeh
Okawaru
Qazlal
Ru
Trog
Vehumet

Shops:
D:1 :   D:5 =


Innate Abilities, Weirdness & Mutations

You have a pair of horns on your head.
You reflexively headbutt those who attack you in melee.


Message History

Fire: a) +0 shortbow
Press: ? - help, Q - select action, (/) - cycle Shift-Dir - straight line, f/p - orc warrior
Aim: an orc warrior, wielding a +0 sling and wearing a +0 chain mail (66% to hit)
You shoot an arrow.
The arrow barely misses the orc warrior.
The orc warrior unwields a +0 sling.
The orc warrior wields a +0 scimitar.
The orc warrior hits you with a +0 scimitar!
Fire: a) +0 shortbow
Press: ? - help, Q - select action, (/) - cycle Shift-Dir - straight line, f/p - orc warrior
Aim: an orc warrior, wielding a +0 scimitar and wearing a +0 chain mail (66% to hit)
You shoot an arrow.
The arrow closely misses the orc warrior.
The orc warrior hits you with a +0 scimitar!
Fire: a) +0 shortbow
Press: ? - help, Q - select action, (/) - cycle Shift-Dir - straight line, f/p - orc warrior
Aim: an orc warrior, wielding a +0 scimitar and wearing a +0 chain mail (66% to hit)
You shoot an arrow. The arrow hits the orc warrior.
The orc warrior is moderately wounded.
The orc warrior hits you with a +0 scimitar.
Fire: a) +0 shortbow
Press: ? - help, Q - select action, (/) - cycle Shift-Dir - straight line, f/p - orc warrior
Aim: an orc warrior, wielding a +0 scimitar and wearing a +0 chain mail (moderately wounded, 66% to hit)
You shoot an arrow. The arrow hits the orc warrior.
The orc warrior is moderately wounded.
The orc warrior hits you with a +0 scimitar!
Unknown command.
You are too injured to fight recklessly!
You are too injured to fight recklessly!
It was a potion of might.
You feel very mighty all of a sudden.
The orc warrior hits you with a +0 scimitar!!
* * * LOW HITPOINT WARNING * * *
Fire: a) +0 shortbow
Press: ? - help, Q - select action, (/) - cycle Shift-Dir - straight line, f/p - orc warrior
Aim: an orc warrior, wielding a +0 scimitar and wearing a +0 chain mail (moderately wounded, 66% to hit)
You shoot an arrow.
The arrow hits the orc warrior but does no damage.
The orc warrior is moderately wounded.
The orc warrior hits you with a +0 scimitar!
You die...

#... ..#.# ...# #.#.# #..# #.#.#
#..# #.#.# #..#
##.#.############## ###..#
#.................# .....#
#..#.############.# ###@##
#....### #.# <.#.########.#.o@.#
#.#
#.#.<..........)#.##########.#
##@.............#..(.........#
#...........##############..####
#######.##.# #...... # ##=
#[##### # #.# #.# #.#


You could see an orc warrior.

Vanquished Creatures
  Grinder (D:6)
  Eustachio (D:6)
  4 scorpions
  A jelly (D:4)
  5 orc priests (D:5)
  An iguana (D:5)
  9 adders
  2 shadow imps (D:5)
  2 white imps (D:6)
  An ufetubus (D:4)
  2 worms
  A dart slug (D:4)
  25 orcs
  4 ball pythons
  2 endoplasms
  2 giant cockroaches (D:1)
  10 goblins
  11 hobgoblins
  11 jackals
  6 quokkas
  9 bats
  2 frilled lizards
  4 kobolds
  5 rats
121 creatures vanquished.

Notes
Turn   | Place    | Note
-------+----------+-------------------------------------------
     0 | D:1      | safid the Minotaur Hunter began the quest for the Orb.
     0 | D:1      | Reached XP level 1. HP: 18/18 MP: 0/0
   139 | D:1      | Reached skill level 1 in Stealth
   156 | D:1      | Reached XP level 2. HP: 24/25 MP: 1/1
   320 | D:1      | Found Ocoin's Book Boutique.
   619 | D:2      | Reached XP level 3. HP: 30/30 MP: 2/2
   970 | D:2      | Reached XP level 4. HP: 38/38 MP: 3/3
  1439 | D:3      | Found a faded altar of an unknown god.
  1446 | D:3      | Reached skill level 5 in Ranged Weapons
  2340 | D:4      | Reached XP level 5. HP: 44/46 MP: 4/4
  2615 | D:4      | Found a staircase to the Ecumenical Temple.
  2732 | Temple   | Entered the Ecumenical Temple
  2799 | Temple   | Became a worshipper of Warmaster Okawaru
  2959 | D:4      | Found an opulent altar of Gozag.
  3141 | D:5      | Entered Level 5 of the Dungeon
  3166 | D:5      | Reached XP level 6. HP: 52/52 MP: 5/5
  3364 | D:5      | Found Hidumu's One-of-a-Kind Rings.
  3744 | D:5      | Reached * piety under Okawaru
  3745 | D:5      | Reached XP level 7. HP: 60/60 MP: 6/6
  3746 | D:5      | Reached skill level 5 in Fighting
  3850 | D:5      | Reached skill level 1 in Invocations
  4475 | D:6      | Noticed Eustachio
  4579 | D:6      | Noticed Grinder
  4582 | D:6      | Paralysed by Grinder for 2 turns
  4591 | D:6      | Killed Grinder
  4592 | D:6      | Reached skill level 5 in Dodging
  4682 | D:6      | Killed Eustachio
  4683 | D:6      | Reached XP level 8. HP: 66/70 MP: 7/9
  4691 | D:6      | Slain by an orc warrior

Illustrated notes

Levels and vault maps discovered:
D:1:      noname_arrival_rooms_in_the_neighbourhood, layout_rooms, serial_shops,
          nicolae_shop_statue_plus
D:2:      kennysheep_the_goblin_king, layout_basic
D:3:      layout_loops_ring, ebering_ecumenical_altar_abandoned
D:4:      layout_cave_pools, lemuel_crystal_altar, minmay_temple_entry_poolview
D:5:      layout_layer_cave, kennysheep_cluttered_room,
          chequers_serial_rivers_small_b, chequers_serial_rivers_small_a,
          nicolae_shop_unique_rings
D:6:      layout_loops_ring, kennysheep_generic_room_8, uniq_eustachio,
          uniq_grinder
Temple:   nicolae_temple_godzebo

Skill      XL: |  1  2  3  4  5  6  7 |
---------------+----------------------+-----
Stealth        | 1 2 3 |  3.1
Fighting       | 3 4 6 |  6.1
Dodging        | 3 4 5 |  5.0
Ranged Weapons | 5 6 |  6.8
Invocations    | 3 |  3.1

Action                   |  1- 3 |  4- 6 |  7- 9 || total
-------------------------+-------+-------+-------++-------
 Fire: Shortbow          |   108 |   230 |    81 ||   419
Invok: Heroism           |       |       |     1 ||     1
  Use: Scroll            |       |       |     7 ||     7
       Potion            |       |       |     1 ||     1
Armor: Scale mail        |     8 |       |       ||     8
       Ring mail         |    13 |    87 |    33 ||   133
Dodge: Dodged            |    34 |   110 |    46 ||   190
